 Dungeon Crawl Stone Soup version 0.30-a0-636-g200c5c4a83 (webtiles) character file.

Game seed: 4075035214149333425

461 Rrauwl the Covered (level 6, -1/81 HPs)
             Began as an Armataur Berserker on Jan 15, 2023.
             Was a Priest of Trog.
             Slain by a red devil
             ... wielding a +1 demon trident of flaming
             ... summoned by a kobold demonologist
              (16 damage)
             ... on level 5 of the Dungeon.
             The game lasted 00:14:12 (2429 turns).

Rrauwl the Covered (Armataur Berserker)             Turns: 2429, Time: 00:14:12

Health: -1/81      AC: 12    Str: 24    XL:     6   Next: 79%
Magic:  6/6        EV:  9    Int:  8    God:    Trog [***...]
Gold:   94         SH: 13    Dex:  9    Spells: 5/5 levels left

rFire   . . .      SeeInvis .    a - +1 falchion
rCold   . . .      Faith    .    h - +2 kite shield
rNeg    . . .      Spirit   .    f - +2 plate armour of Soft Rains {+Blink rPois}
rPois   +          Reflect  +    (no helmet)
rElec   .          Harm     .    (no cloak)
rCorr   .          Roll     +    (no gloves)
Will    .....                    (no barding) Stlth
                                 c - amulet of reflection
HPRegen 0.33/turn                k - +5 ring of evasion
MPRegen 0.10/turn                (no ring)

@: berserking, spiked, very quick
A: large, rugged brown scales 3, deformed body, armoured tail, roll, long
tongue, awkward tongue
a: Renounce Religion, Evoke Blink, Berserk, Trog's Hand


You were on level 5 of the Dungeon.
You worshipped Trog.
Trog was most pleased with you.
You visited 2 branches of the dungeon, and saw 6 of its levels.

You collected 156 gold pieces.
You spent 62 gold pieces at shops.

Inventory:

Hand Weapons
 a - a +1 falchion (weapon)
 b - a +1 dagger of speed
 j - a +3 quarterstaff
Missiles
 i - 3 poisoned darts (quivered)
Armour
 f - the +2 plate armour of Soft Rains (worn) {+Blink rPois}
   (You acquired it on level 1 of the Dungeon)

   rPois:     It protects you from poison.
   +Blink:    It lets you blink.
 h - a +2 kite shield (worn)
Jewellery
 c - an amulet of reflection (around neck)
 k - a +5 ring of evasion (left hand)
Scrolls
 d - 4 scrolls of identify
 e - a scroll of immolation
 g - a scroll of blinking
 n - a scroll of enchant armour


   Skills:
 - Level 3.0 Fighting
 + Level 5.0 Long Blades
 + Level 6.0 Armour
 - Level 2.0 Dodging
 + Level 1.2 Shields


You had 5 spell levels left.
You didn't know any spells.
Your spell library was empty.

Dungeon Overview and Level Annotations

Branches:
Dungeon (6/15)             Temple (1/1) D:6

Altars:
Elyvilon
Okawaru
Ru
Sif Muna
Vehumet
Zin
The Shining One

Shops:
D:1 *   D:6 !

Annotations:
D:3 3 runed translucent doors, Dartaoz's ghost, amateur HOMo


Innate Abilities, Weirdness & Mutations

You are completely covered in rugged brown scales. (AC +3, +7% HP)
Armour fits poorly on your strangely shaped body.
You have a long armoured tail.
You roll when moving toward enemies. (Rampage)
Your long tongue fully drains potion bottles. (2x potion effects)
Your tongue gives you trouble enunciating. (1.5x scroll delay)


Message History

You barely miss the kobold demonologist.
You barely miss the kobold demonologist.
You block the red devil's attack.
The kobold demonologist hits you with a +0 dagger.
You barely miss the kobold demonologist.
You block the red devil's attack.
The kobold demonologist mumbles some strange words.
You barely miss the kobold demonologist.
You tail-slap the kobold demonologist!
The kobold demonologist is moderately wounded.
The red devil hits you from afar with a +1 demon trident of flaming!
Barbed spikes become lodged in your body.
The red devil burns you!
You block the kobold demonologist's attack.
You slash the kobold demonologist! You tail-slap the kobold demonologist!
The kobold demonologist is almost dead.
You block the ice devil's attack.
The red devil hits you but does no damage.
The kobold demonologist hits you but does no damage.
You closely miss the kobold demonologist.
The kobold demonologist is almost dead.
The ice devil closely misses you. You block the red devil's attack.
You closely miss the kobold demonologist.
Your tail-slap misses the kobold demonologist.
The kobold demonologist is almost dead.
The kobold demonologist casts a spell.
The ice devil hits you. The ice devil freezes you!
You miss the kobold demonologist.
The kobold demonologist is almost dead.
The red devil hits you from afar with a +1 demon trident of flaming!
* * * LOW HITPOINT WARNING * * *
Barbed spikes become lodged in your body.
The red devil burns you.
* * * LOW HITPOINT WARNING * * *
You block the kobold demonologist's attack.
You hit the kobold demonologist.
The kobold demonologist is almost dead.
You block the ice devil's attack. You block the rust devil's attack.
The red devil hits you from afar with a +1 demon trident of flaming!
You die...

### ..# . #.# ..##
#.# ....#### #.#
.......#######4####
.........>....5K44#
.....K.......#.#@##
.......#####.#.#.#
#......# #.#.#.#
.###!### #.#.#.# .#
#. #...#.# .# #.
#####.# .# # ..# .#
### .#


You could see an ice devil (summoned), a rust devil (summoned), a kobold
demonologist, a red devil (summoned) and a crimson imp (summoned).

Vanquished Creatures
  A sky beast (D:6)
  A black bear (D:3)
  An ogre (D:6)
  A scorpion (D:6)
  3 adders
  A white imp (D:6)
  An ufetubus (D:6)
  A worm (D:2)
  4 dart slugs
  An orc (D:6)
  6 ball pythons
  9 endoplasms
  5 giant cockroaches
  6 hobgoblins
  A jackal (D:2)
  7 kobolds
  A quokka (D:1)
  10 bats
  4 frilled lizards
  8 goblins
  6 rats
78 creatures vanquished.

Notes
Turn   | Place    | Note
-------+----------+-------------------------------------------
     0 | D:1      | Rrauwl the Armataur Berserker began the quest for the Orb.
     0 | D:1      | Reached XP level 1. HP: 19/19 MP: 1/1
    70 | D:1      | Found a faded altar of an unknown god.
   146 | D:1      | Reached XP level 2. HP: 22/26 MP: 2/2
   422 | D:1      | Found Vuren Sesti's Assorted Antiques.
   426 | D:1      | Bought a scroll labelled KUXZEONODAORPH for 25 gold pieces
   426 | D:1      | Bought a scroll labelled BUTZIA ZYKLADA for 25 gold pieces
   426 | D:1      | Acquired the +2 plate armour of Soft Rains {+Blink rPois}
   657 | D:1      | Reached ** piety under Trog
   658 | D:1      | Reached skill level 3 in Armour
   672 | D:1      | Reached XP level 3. HP: 33/33 MP: 3/3
   958 | D:2      | Found a glowing golden altar of the Shining One.
  1322 | D:2      | Reached XP level 4. HP: 40/40 MP: 4/4
  1553 | D:2      | Reached *** piety under Trog
  1747 | D:3      | Reached skill level 4 in Armour
  1853 | D:3      | Found a runed translucent gate.
  1853 | D:3      | Found a runed translucent gate.
  1863 | D:3      | Noticed Dartaoz's ghost (amateur HOMo)
  1867 | D:3      | Found a runed translucent gate.
  1885 | D:3      | Noticed a black bear
  1912 | D:3      | Killed a black bear
  1913 | D:3      | Reached XP level 5. HP: 17/48 MP: 5/5
  2067 | D:3      | You fall into a shaft and drop 3 floors!
  2153 | D:6      | Noticed a sky beast
  2188 | D:6      | Killed a sky beast
  2189 | D:6      | Reached skill level 5 in Armour
  2189 | D:6      | Reached XP level 6. HP: 54/54 MP: 6/6
  2230 | D:6      | Found Watsun's Distillery.
  2256 | D:5      | Entered Level 5 of the Dungeon
  2257 | D:5      | Noticed a kobold demonologist
  2300 | D:6      | Bought a potion of degeneration for 12 gold pieces
  2331 | D:6      | Reached skill level 5 in Long Blades
  2331 | D:6      | Reached skill level 6 in Armour
  2331 | D:6      | Reached skill level 1 in Shields
  2373 | D:6      | Found a staircase to the Ecumenical Temple.
  2383 | Temple   | Entered the Ecumenical Temple
  2418 | D:5      | Noticed a red devil
  2424 | D:5      | Noticed an ice devil
  2428 | D:5      | Noticed a rust devil
  2429 | D:5      | Slain by a red devil

Illustrated notes

Levels and vault maps discovered:
D:1:      matt_arrival_refuge, layout_basic, serial_shops, nicolae_shop_stone,
          hellmonk_ecumenical_altar_blasted, minmay_pentomino_w2
D:2:      layout_loops_cross, basic_altar, minmay_joined_circles
D:3:      layout_basic, gammafunk_ghost_split, kennysheep_minor_cross,
          nicolae_underground_beach
D:5:      layout_basic, minmay_manual_mess
D:6:      layout_gridville, minmay_temple_entry_overgrown, serial_shops,
          nicolae_shop_advertising_works [nicolae_subvault_shop_adworks],
          nicolae_inconvenience_store, guppyfry_early_elven_hall
Temple:   compressed_dpeg_triangle_lava_temple

Skill      XL: |  1  2  3  4  5  6 |
---------------+-------------------+-----
Fighting       | 3 |  3.0
Long Blades    | 3 4 5 |  5.0
Armour         | 3 4 5 6 |  6.0
Dodging        | 2 |  2.0
Shields        | 1 |  1.2

Action                   |  1- 3 |  4- 6 || total
-------------------------+-------+-------++-------
Melee: Falchion          |   169 |   134 ||   303
       Tailslap          |    20 |    15 ||    35
       Punch             |     3 |     2 ||     5
Throw: Dart              |       |     6 ||     6
Invok: Berserk           |       |     3 ||     3
  Use: Scroll            |     7 |     3 ||    10
       Potion            |     2 |     4 ||     6
Armor: Animal skin       |    25 |       ||    25
       Plate armour      |    93 |    75 ||   168
       Ring mail         |     6 |       ||     6
Dodge: Dodged            |    66 |    55 ||   121
Block: Other             |       |     8 ||     8
       Kite shield       |       |    12 ||    12

Table legend: (Time is in decaauts)
 A = Elapsed time spent in this place.
 B = Non-inter-level travel time spent in this place.
 C = Inter-level travel time spent in this place.
 D = Time resting spent in this place.
 E = Time spent auto-exploring this place.
 F = Levels seen in this place.
 G = Mean time per level.
                   A        B        C        D        E       F      G
               +--------+--------+--------+--------+--------+-----+--------+
         Total |   2458 |   2419 |     39 |    109 |   1475 |   6 |  409.7 |
       Dungeon |   2457 |   2418 |     39 |    109 |   1475 |   5 |  491.4 |
        Temple |      1 |      1 |      0 |      0 |      0 |   1 |    1.0 |
               +--------+--------+--------+--------+--------+-----+--------+

Top non-repeatable levels by time:
     D:1: 898 daAuts
     D:2: 819 daAuts
     D:3: 367 daAuts
     D:6: 318 daAuts
     D:5: 54 daAuts
  Temple: 1 daAuts
